 Dungeon Crawl Stone Soup version 0.29-a0-885-gb26ba3297d (webtiles) character file.

Game seed: 7330221242993840295

41 jimonade the Sneak (level 3, 0/22 HPs)
             Began as a Kobold Brigand on July 20, 2022.
             Slain by a gnoll
             ... wielding a +0 spear
              (6 damage)
             ... on level 1 of the Dungeon.
             The game lasted 00:01:41 (989 turns).

jimonade the Sneak (Kobold Brigand)                  Turns: 989, Time: 00:01:42

Health: 0/22       AC:  4    Str:  8    XL:     3   Next: 75%
Magic:  3/3        EV: 13    Int: 12    God:
Gold:   46         SH:  0    Dex: 18    Spells: 2/2 levels left

rFire   . . .      SeeInvis .   a - +2 dagger
rCold   . . .      Faith    .   (no shield)
rNeg    . . .      Spirit   .   h - +0 leather armour
rPois   .          Reflect  .   (no helmet)
rElec   .          Harm     .   c - +0 cloak
rCorr   .          Rampage  .   (no gloves)
Will    .....                   (no boots)
Stlth   ++++......              (no amulet)
HPRegen 0.07/turn               (no ring)
MPRegen 0.08/turn               (no ring)

@: no status effects
A: small, no large weapons, nightstalker 3
a: no special abilities


You were on level 1 of the Dungeon.
You visited 1 branch of the dungeon, and saw 2 of its levels.

You collected 46 gold pieces.

Inventory:

Hand Weapons
 a - a +2 dagger (weapon)
Missiles
 d - 9 poisoned darts (quivered)
 e - 3 curare-tipped darts
Armour
 b - a +0 robe
 c - a +0 cloak (worn)
 h - a +0 leather armour (worn)
Scrolls
 f - a scroll of poison {unknown}
 g - a scroll of fear {unknown}
 i - a scroll of noise {unknown}
 k - a scroll of fog {unknown}
Potions
 j - 3 potions of curing {unknown}
 l - a potion of brilliance {unknown}


   Skills:
 * Level 2.5 Fighting
 + Level 3.2 Short Blades
 - Level 2.1 Throwing
 + Level 1.2 Dodging
 + Level 6.6 Stealth


You had 2 spell levels left.
You didn't know any spells.
Your spell library was empty.

Dungeon Overview and Level Annotations

Branches:
Dungeon (2/15)

Altars:

Shops:
D:1 =

Annotations:
D:2 exclusion: gnoll


Innate Abilities, Weirdness & Mutations

You are small and have problems with some larger weapons.
You are completely attuned to the shadows.


Message History

The helpless endoplasm fails to defend itself.
You perforate the endoplasm like a sieve!!!
You kill the endoplasm!
The helpless ball python fails to defend itself.
You perforate the ball python like a sieve!!!
You kill the ball python!
l - a bubbling white potion You now have 46 gold pieces (gained 10).
A gnoll comes into view. It is wielding a +0 spear.
The gnoll shouts!
The gnoll closely misses you.
You hit the gnoll.
The gnoll is lightly wounded.
The gnoll hits you with a +0 spear.
You hit the gnoll.
The gnoll is moderately wounded.
The gnoll closely misses you.
You completely miss the gnoll.
The gnoll is moderately wounded.
The gnoll hits you with a +0 spear.
You hit the gnoll.
The gnoll is moderately wounded.
The gnoll hits you with a +0 spear.
You are too injured to fight recklessly!
You are too injured to fight recklessly!
You are too injured to fight recklessly!
You are too injured to fight recklessly!
You closely miss the gnoll.
The gnoll is moderately wounded.
The gnoll misses you.
You completely miss the gnoll.
The gnoll is moderately wounded.
You hit the gnoll.
The gnoll is severely wounded.
The gnoll hits you with a +0 spear.
* * * LOW HITPOINT WARNING * * *
You hit the gnoll.
The gnoll is severely wounded.
The gnoll hits you with a +0 spear.
You die...

.........###########.............
###.###### #..........### #....##
#..........# ####..#
#..........### ##.#
#######............# #.#
#.....##........##.# ##.#
#.....###......#.... #..#
#..g..#.......#..... ##.#
###@##..####........
#.######......# #########
####.##.....#.#### ##.## #
##.......#####.# ##...## #
#..##....#####.# ##.....## #
##.#....#....##.#### #.......##
#..#.##.####.......# .........##
##........######.##. ....<.....'
.....PPPP..# #...# ######...#####


You could see a gnoll.

Vanquished Creatures
  A gnoll (D:2)
  An adder (D:2)
  2 dart slugs
  2 endoplasms
  A hobgoblin (D:2)
  3 kobolds
  3 quokkas
  2 ball pythons
  3 bats
  A rat (D:2)
  A spectral kobold (D:1)
20 creatures vanquished.

Notes
Turn   | Place    | Note
-------+----------+-------------------------------------------
     0 | D:1      | jimonade the Kobold Brigand began the quest for the Orb.
     0 | D:1      | Reached XP level 1. HP: 12/12 MP: 1/1
    13 | D:1      | Found Zamenen's Jewellery Emporium.
   135 | D:1      | You fall into a shaft and drop 1 floor!
   261 | D:2      | Reached skill level 6 in Stealth
   261 | D:2      | Reached XP level 2. HP: 18/18 MP: 2/2
   356 | D:2      | Reached XP level 3. HP: 22/22 MP: 3/3
   383 | D:2      | HP: 1/22 [gnoll/+0 club (7)]
   765 | D:1      | Found a faded altar of an unknown god.
   989 | D:1      | Slain by a gnoll

Illustrated notes

Levels and vault maps discovered:
D:1:      mrwooster_arrival_arrow, layout_rooms, serial_shops, shop,
          dreamdust_ecumenical_altar_drowned_temple, nicolae_grassy_gnolls
D:2:      layout_loops_ring, serial_shops, shop, lightli_corner_chamber

Skill      XL: |  1  2  3 |
---------------+----------+-----
Stealth        | 6 |  6.6
Short Blades   | 3 |  3.2
Fighting       | |  2.5
Throwing       | |  2.1
Dodging        | |  1.2

Action                   || total
-------------------------++-------
Melee: Dagger            ||    66
 Stab: Sleeping          ||     9
Armor: Leather armour    ||    20
Dodge: Dodged            ||    35

Table legend: (Time is in decaauts)
 A = Elapsed time spent in this place.
 B = Non-inter-level travel time spent in this place.
 C = Inter-level travel time spent in this place.
 D = Time resting spent in this place.
 E = Time spent auto-exploring this place.
 F = Levels seen in this place.
 G = Mean time per level.
                   A        B        C        D        E       F      G
               +--------+--------+--------+--------+--------+-----+--------+
         Total |    988 |    988 |      0 |    294 |    496 |   2 |  494.0 |
       Dungeon |    988 |    988 |      0 |    294 |    496 |   2 |  494.0 |
               +--------+--------+--------+--------+--------+-----+--------+

Top non-repeatable levels by time:
     D:2: 554 daAuts
     D:1: 434 daAuts
